 Dungeon Crawl Stone Soup version 0.28.0-43-g3370ac3207 (webtiles) character file.

Game seed: 603149447497825345

877 thriggle the Chiller (level 8, -7/60 HPs)
             Began as a Barachi Ice Elementalist on Mar 31, 2022.
             Was a Priest of Lugonu.
             Mangled by Prince Ribbit (16 damage)
             ... on level 5 of the Dungeon.
             The game lasted 00:22:53 (4556 turns).

thriggle the Chiller (Barachi Ice Elementalist)     Turns: 4556, Time: 00:22:56

Health: -7/60      AC:  6    Str: 10    XL:     8   Next: 4%
Magic:  9/13       EV: 12    Int: 18    God:    Lugonu [***...]
Gold:   199        SH:  0    Dex: 12    Spells: 7/14 levels left

rFire   . . .      SeeInvis .   j - +7 short sword "Menuus" {spect, rN+ rCorr}
rCold   + . .      Faith    .   (no shield)
rNeg    + . .      Spirit   .   r - +1 leather armour {rC+}
rPois   .          Reflect  .   (no helmet)
rElec   .          Harm     .   (no cloak)
rCorr   +          Rampage  .   k - +1 pair of gloves
Will    .....                   (no boots)
Stlth   ++........              (no amulet)
HPRegen 0.20/turn               (no ring)
MPRegen 0.13/turn               (no ring)

@: freezing walls, studying Fighting, unable to read, slow
A: amphibious, slowness 1, strong legs 1, +LOS, inability to read while
threatened
a: Hop, Renounce Religion, Depart the Abyss, Bend Space, Banish


You were on level 5 of the Dungeon.
You worshipped Lugonu.
Lugonu was most pleased with you.
You visited 1 branch of the dungeon, and saw 5 of its levels.

You collected 199 gold pieces.

Inventory:

Hand Weapons
 i - a +2 short sword of speed
 j - the +7 short sword "Menuus" (weapon) {spect, rN+ rCorr}
   (You found it on level 2 of the Dungeon)

   When its wielder attacks, the weapon's spirit leaps out and strikes again.
   The spirit shares a part of any damage it takes with its wielder.
   rN:        It protects you from negative energy.
   rCorr:     It protects you from acid and corrosion.
 o - a +0 trident
 q - a +1 falchion
Missiles
 d - 155 stones
 e - 4 poisoned darts
 w - a throwing net
Armour
 a - a +0 robe
 k - a +1 pair of gloves (worn)
 r - a +1 leather armour of cold resistance (worn)
Jewellery
 v - a ring of fire
Wands
 b - a wand of flame (11)
 A - a wand of iceblast (11)
Scrolls
 f - a scroll of identify
 p - a scroll of brand weapon {unknown}
 t - 2 scrolls of teleportation
 u - a scroll of silence {unknown}
 x - a scroll of vulnerability {unknown}
 y - a scroll of summoning {unknown}
Potions
 c - a potion of lignification {unknown}
 g - a potion of curing {unknown}
 h - a potion of haste {unknown}
 l - 2 potions of degeneration {unknown}
 m - a potion of heal wounds {unknown}
 n - 2 potions of brilliance {unknown}
 s - a potion of might {unknown}
 z - a potion of resistance {unknown}


   Skills:
 + Level 3.9 Fighting
 + Level 2.5(2.6) Short Blades
 - Level 1.0(2.1) Long Blades
 + Level 2.5 Throwing
 + Level 3.7 Dodging
 + Level 3.4 Stealth
 + Level 3.7 Spellcasting
 + Level 1.9 Conjurations
 + Level 1.9 Hexes
 + Level 6.0 Ice Magic
 + Level 2.2 Invocations


You had 7 spell levels left.
You knew the following spells:

 Your Spells              Type           Power      Damage    Failure   Level
a - Freeze                Ice            100%       1d11      1%          1
b - Frozen Ramparts       Ice            50%        1d7       5%          3
c - Ozocubu's Armour      Ice            25%        N/A       5%          3

Your spell library contained the following spells:

 Spells                   Type           Power      Damage    Failure   Level
 Animate Skeleton         Necr           6%         N/A       21%         1
 Apportation              Tloc           6%         N/A       21%         1
 Summon Small Mammal      Summ           12%        N/A       21%         1
 Hailstorm                Conj/Ice       17%        3d6       36%         4
 Inner Flame              Hex/Fire       6%         N/A       38%         3
 Summon Guardian Golem    Hex/Summ       6%         N/A       38%         3
 Call Canine Familiar     Summ           3%         N/A       52%         3
 Cause Fear               Hex            5%         N/A       67%         4
 Discord                  Hex            5%         N/A       100%        8


Dungeon Overview and Level Annotations

Branches:
Dungeon (5/15)
 Temple: D:4-7

Altars:
Cheibriados
Xom
Lugonu

Shops:
D:2 :

Annotations:
D:5 Prince Ribbit


Innate Abilities, Weirdness & Mutations

You are amphibious.
You cover ground slowly.
You can hop short distances.
You have an extended range of vision and can be seen from far away.
You sometimes lose the ability to read scrolls when taking damage.


Message History

Found a rapier.
l - 2 sedimented amethyst potions (gained 1) Prince Ribbit comes into view.
Prince Ribbit gives a loud, deep croak!
Prince Ribbit catches a baby bat with his tongue.
Prince Ribbit hits you!
Casting: Freeze (safe; 1% risk of failure)
Confirm with . or Enter, or press ? or * to list all spells.
Casting: Frozen Ramparts (dangerous; 5% risk of failure)
Press: ? - help, Dir - look around, f - activate The walls around you are covered in ice.
The wall freezes Prince Ribbit.
Prince Ribbit seems to slow down.
Prince Ribbit hits you!
You feel threatened and lose the ability to read scrolls!
You closely miss Prince Ribbit.
Prince Ribbit is lightly wounded.
The wall freezes Prince Ribbit!
Prince Ribbit seems to slow down.
Prince Ribbit hits you but does no damage.
You hit Prince Ribbit but do no damage.
Prince Ribbit is lightly wounded.
The wall freezes Prince Ribbit.
Prince Ribbit seems to slow down.
Prince Ribbit hits you!
You barely miss Prince Ribbit.
Prince Ribbit is moderately wounded.
The wall freezes Prince Ribbit.
Prince Ribbit seems to slow down.
Prince Ribbit closely misses you.
You puncture Prince Ribbit! You punch Prince Ribbit.
Prince Ribbit is heavily wounded.
The wall freezes Prince Ribbit.
Prince Ribbit hits you!
* * * LOW HITPOINT WARNING * * *
Casting: Frozen Ramparts (dangerous; 5% risk of failure)
Confirm with . or Enter, or press ? or * to list all spells.
Aiming: Freeze (safe; 1% risk of failure)
Press: ? - help, Shift-Dir - straight line, f - Prince Ribbit
Aim: Prince Ribbit (severely wounded, slow)
You freeze Prince Ribbit!
Prince Ribbit is severely wounded.
Prince Ribbit seems to slow down.
The wall freezes Prince Ribbit.
Prince Ribbit seems to slow down.
Prince Ribbit hits you!
You die...

######## #.......
#....... #.......
#....... ######.# #.#
#######################.#
.......F@...............#
#########################


You could see Prince Ribbit (slow).

Vanquished Creatures
  Pikel (D:5)
  A sky beast (D:4)
  A scorpion (D:5)
  A wight (D:4)
  2 orc priests
  3 iguanas
  A scorpion zombie (D:5)
  A hound zombie (D:5)
  A hound skeleton (D:4)
  2 adders
  3 dart slugs
  11 orcs
  7 endoplasms
  2 giant cockroaches
  7 goblins
  10 hobgoblins
  3 jackals
  7 kobolds
  A quokka (D:1)
  6 ball pythons
  2 bats
  2 frilled lizards
  6 rats
81 creatures vanquished.

Vanquished Creatures (others)
  A withered plant (D:1)
1 creature vanquished.

Grand Total: 82 creatures vanquished

Notes
Turn   | Place    | Note
-------+----------+-------------------------------------------
     0 | D:1      | thriggle the Barachi Ice Elementalist began the quest for
                  | the Orb.
     0 | D:1      | Reached XP level 1. HP: 13/13 MP: 3/3
   342 | D:1      | Reached XP level 2. HP: 20/20 MP: 3/5
   684 | D:1      | Reached skill level 5 in Ice Magic
   981 | D:1      | Found a faded altar of an unknown god.
   995 | D:1      | Prayed at the altar of an unknown god.
   995 | D:1      | Became a worshipper of Lugonu the Unformed
   995 | D:1      | Reached * piety under Lugonu
   995 | D:1      | Reached ** piety under Lugonu
  1125 | D:2      | Found Guveint's Book Boutique.
  1139 | D:1      | Reached skill level 1 in Fighting
  1201 | D:2      | Reached XP level 3. HP: 20/26 MP: 3/6
  1206 | D:2      | Learned a level 3 spell: Frozen Ramparts
  1469 | D:2      | Identified the +7 short sword "Menuus" {spect, rN+ rCorr}
  2483 | D:3      | Learned a level 3 spell: Ozocubu's Armour
  2522 | D:3      | Reached skill level 1 in Throwing
  2601 | D:3      | Reached XP level 4. HP: 32/32 MP: 7/7
  2612 | D:3      | Reached skill level 1 in Long Blades
  2947 | D:3      | Reached *** piety under Lugonu
  3234 | D:4      | Reached skill level 1 in Invocations
  3234 | D:4      | Reached XP level 5. HP: 24/37 MP: 6/9
  3514 | D:4      | Reached skill level 1 in Short Blades
  3654 | D:4      | Found a snail-covered altar of Cheibriados.
  3727 | D:4      | Reached XP level 6. HP: 44/44 MP: 8/10
  3899 | D:4      | Noticed a sky beast
  3911 | D:4      | Killed a sky beast
  4064 | D:5      | Entered Level 5 of the Dungeon
  4188 | D:5      | Gained mutation: You have a pair of small horns on your
                  | head. [potion of mutation]
  4188 | D:5      | Gained mutation: You are partially covered in large bone
                  | plates. (SH +4) [potion of mutation]
  4190 | D:5      | Lost mutation: You are partially covered in large bone
                  | plates. (SH +4) [potion of mutation]
  4190 | D:5      | Lost mutation: You have a pair of small horns on your head.
                  | [potion of mutation]
  4190 | D:5      | Gained mutation: You sometimes lose the ability to read
                  | scrolls when taking damage. [potion of mutation]
  4206 | D:5      | Found a shimmering altar of Xom.
  4219 | D:5      | Noticed Pikel
  4224 | D:5      | Killed Pikel
  4225 | D:5      | Reached skill level 1 in Conjurations
  4225 | D:5      | Reached skill level 1 in Hexes
  4225 | D:5      | Reached skill level 6 in Ice Magic
  4225 | D:5      | Reached XP level 7. HP: 14/53 MP: 4/12
  4237 | D:5      | Reached XP level 8. HP: 18/60 MP: 5/13
  4547 | D:5      | Noticed Prince Ribbit
  4556 | D:5      | Mangled by Prince Ribbit

Illustrated notes

Levels and vault maps discovered:
D:1:      sevenhm_arrival_forest_fort_small_3, layout_loops_ring,
          shapermc_ecumenical_altar_flowoftime, dk_noncrumbling_2
D:2:      layout_basic, serial_shops, nicolae_shop_crystal,
          hangedman_glass_garden
D:3:      minmay_spotlight, layout_basic
D:4:      layout_basic, kennysheep_slug_shrine, minmay_manual_moon
D:5:      layout_basic, hangedman_feature_mirror, kennysheep_generic_room_8,
          uniq_pikel, uniq_prince_ribbit1

Skill      XL: |  1  2  3  4  5  6 |
---------------+-------------------+-----
Stealth        | 2 3 |  3.4
Ice Magic      | 5 6 |  6.0
Fighting       | 1 2 3 |  3.9
Throwing       | 1 2 |  2.5
Long Blades    | 1 |  1.0
Invocations    | 1 2 |  2.2
Short Blades   | 1 2 |  2.5
Spellcasting   | 3 |  3.7
Dodging        | 3 |  3.7
Conjurations   | 1 |  1.9
Hexes          | 1 |  1.9

Action                   |  1- 3 |  4- 6 |  7- 9 || total
-------------------------+-------+-------+-------++-------
Melee: Short sword       |    37 |    56 |    14 ||   107
       Dagger            |     1 |       |       ||     1
       Punch             |       |       |     1 ||     1
Throw: Stone             |    29 |     6 |     3 ||    38
       Dart              |       |     2 |     4 ||     6
 Cast: Freeze            |    23 |     1 |     1 ||    25
       Frozen Ramparts   |     3 |     4 |     1 ||     8
       Ozocubu's Armour  |     1 |     3 |       ||     4
Invok: Bend Space        |     1 |       |       ||     1
 Abil: Hop               |     2 |       |       ||     2
  Use: Scroll            |     2 |     2 |       ||     4
       Potion            |       |     2 |       ||     2
 Stab: Sleeping          |     5 |     1 |       ||     6
       Distracted        |     1 |       |     1 ||     2
Armor: Robe              |     5 |       |       ||     5
       Leather armour    |     1 |    18 |     2 ||    21
Dodge: Dodged            |    19 |    15 |     7 ||    41
